 Dungeon Crawl Stone Soup version 0.29-a0-284-gf9362112df (webtiles) character file.

Game seed: 211595788111302889

79053 tilp the Frost Mage (level 15, 0/66 (73) HPs)
             Began as a Felid Ice Elementalist on Mar 14, 2022.
             Was the Champion of Vehumet.
             Killed themself with a badly aimed burst of rock shards (9 damage)
             ... on level 3 of the Swamp on Mar 15, 2022.
             The game lasted 01:41:43 (49533 turns).

tilp the Frost Mage (Felid Ice Elementalist)       Turns: 49533, Time: 01:41:44

HP:   0/66 (73)     AC:  7    Str:  9    XL:     15   Next: 19%
MP:   26/31         EV: 22    Int: 30    God:    Vehumet [******]
Gold: 495           SH:  0    Dex: 17    Spells: 6/36 levels left
                                        Lives: 0   Deaths: 3

rFire   . . .      SeeInvis +     - Unarmed
rCold   + . .      Faith    .   (shield unavailable)
rNeg    . . .      Spirit   .   (body armour unavailable)
rPois   .          Reflect  .   (helmet unavailable)
rElec   +          Harm     .   (cloak unavailable)
rCorr   .          Rampage  .   (gloves unavailable)
Will    ++...                   (boots unavailable)
Stlth   +++++.....              K - amulet of magic regeneration
HPRegen 0.21/turn               C - +6 ring of intelligence
MPRegen 0.62/turn               n - ring of Fufeetok {rElec AC+4 Str+5}

@: drained, quick
A: very small, claws 1, fangs 3, see invisible, speed 1, shaggy fur 3, stealthy
paws, no weapons or thrown items, no armour, multi-lived
a: Renounce Religion


You were on level 3 of the Swamp.
You worshipped Vehumet.
Vehumet was exalted by your worship.
You visited 5 branches of the dungeon, and saw 27 of its levels.

You collected 2200 gold pieces.
You spent 1705 gold pieces at shops.

Inventory:

Jewellery
 h - a ring of willpower
 l - a ring of protection from cold
 n - the ring of Fufeetok (right paw) {rElec AC+4 Str+5}
   (You found it on level 6 of the Dungeon)

   [ring of protection]

   AC:        It affects your AC (+4).
   Str:       It affects your strength (+5).
   rElec:     It insulates you from electricity.
 r - a +4 ring of evasion
 s - a ring of protection from cold
 u - a ring of magical power
 A - a +4 ring of evasion
 C - a +6 ring of intelligence (left paw)
 I - a ring of ice
 K - an amulet of magic regeneration (around neck)
 O - a +6 ring of strength
Wands
 i - a wand of flame (88)
 j - a wand of mindburst (17)
 k - a wand of acid (7)
 y - a wand of iceblast (17)
 E - a wand of paralysis (5)
 P - a wand of digging (4)
 U - a wand of polymorph (10)
Scrolls
 e - 4 scrolls of silence
 o - 7 scrolls of teleportation
 q - a scroll of amnesia
 B - 6 scrolls of fog
 D - 2 scrolls of immolation
 J - a scroll of identify
 M - 4 scrolls of magic mapping
 R - a scroll of torment
 S - a scroll of vulnerability
Potions
 a - 4 potions of magic
 b - 2 potions of lignification
 c - 9 potions of might
 f - 7 potions of flight
 g - 11 potions of curing
 m - 3 potions of brilliance
 t - 2 potions of mutation
 v - 6 potions of attraction
 w - 2 potions of berserk rage
 x - a potion of resistance
 z - a potion of cancellation
 F - a potion of invisibility
 L - a potion of ambrosia
 Q - 4 potions of haste
Miscellaneous
 p - a condenser vane
 G - a tin of tremorstones (2/2)
 H - a phantom mirror


   Skills:
 + Level 12.8 Fighting
 - Level 8.0 Dodging
 + Level 11.4 Stealth
 - Level 6.0 Unarmed Combat
 - Level 11.0 Spellcasting
 + Level 14.2 Conjurations
 - Level 4.0 Translocations
 * Level 14.8 Ice Magic
 - Level 4.0 Air Magic
 - Level 4.0 Earth Magic
 + Level 9.0 Evocations


You had 6 spell levels left.
You knew the following spells:

 Your Spells              Type           Power      Damage    Failure   Level
a - Freeze                Ice            100%       1d11      0%          1
b - Frozen Ramparts       Ice            100%       1d12      0%          3
c - Ozocubu's Armour      Ice            81%        N/A       1%          3
d - Hailstorm             Conj/Ice       80%        3d16      1%          4
e - Freezing Cloud        Conj/Ice/Air   35%        6-21      1%          5
f - Stone Arrow           Conj/Erth      100%       3d13      1%          3
g - Iskenderun's Mystic   Conj/Tloc      63%        2d13      1%          4
h - Ozocubu's Refrigerat  Ice            40%        4d13      1%          7

Your spell library contained the following spells:

 Spells                   Type           Power      Damage    Failure   Level
 Starburst                Conj/Fire      28%        6d9       7%          6
 Shock                    Conj/Air       100%       1d9       1%          1
 Passwall                 Tmut/Erth      23%        N/A       1%          2
 Poisonous Vapours        Pois/Air       56%        N/A       1%          2
 Mephitic Cloud           Conj/Pois/Air  52%        N/A       1%          3
 Swiftness                Air            40%        N/A       1%          3
 Airstrike                Air            20%        N/A       1%          4
 Fulminant Prism          Conj/Hex       28%        3d14      1%          4
 Ignite Poison            Fire/Tmut/Pois 16%        N/A       2%          3
 Inner Flame              Hex/Fire       16%        N/A       2%          3
 Lee's Rapid Deconstruct  Erth           20%        3d13*     4%          5
 Animate Dead             Necr           8%         N/A       30%         4
 Borgnjor's Vile Clutch   Necr/Erth      14%        N/A       36%         5
 Alistair's Intoxication  Tmut/Pois      10%        N/A       65%         5
 Death Channel            Necr           8%         N/A       99%         6
 Enfeeble                 Hex            8%         N/A       100%        7
 Haunt                    Necr/Summ      8%         N/A       100%        7
 Infestation              Necr           8%         N/A       100%        8


Dungeon Overview and Level Annotations

Branches:
Dungeon (15/15)            Temple (1/1) D:6            Lair (6/6) D:8
  Swamp (3/4) Lair:4       Spider (0/4) Lair:3        Slime (0/5) Lair:5
    Orc (2/2) D:9             Elf (0/3) Orc:2        Vaults (0/5) D:13
 Depths (0/4) D:15

Altars:
Ashenzari
Cheibriados
Dithmenos
Elyvilon
Fedhas
Gozag
Hepliaklqana
Kikubaaqudgha
Makhleb
Nemelex Xobeh
Okawaru
Qazlal
Ru
Sif Muna
Trog
Uskayaw
Vehumet
Wu Jian
Xom
Yredelemnul
Zin
The Shining One

Shops:
D:13 :   Orc:1 [   Orc:2 :=*?*

Annotations:
Lair:2 1 runed translucent door, Tinylith's ghost, journeyman DsIE


Innate Abilities, Weirdness & Mutations

You have sharp claws.
You have razor-sharp teeth.
You have supernaturally acute eyesight. (SInv)
You cover ground quickly. (Speed+)
Your thick and shaggy fur keeps you warm. (AC +3, rC+)
Your paws help you pounce on unaware monsters.
You are incapable of wielding weapons or throwing items.
You cannot wear armour.
You gain extra lives every three experience levels.


Message History

The spectral spriggan berserker convulses!
The spectral fenstrider witch convulses! x2
The spectral death drake convulses!
The ghost crab convulses!
You are engulfed in spectral mist.
* * * LOW HITPOINT WARNING * * *
The spectral fenstrider witch hits you!
* * * LOW HITPOINT WARNING * * *
You feel drained.
* * * LOW HITPOINT WARNING * * *
The spectral fenstrider witch misses you.
The spectral death drake is lost in a daze.
Unknown command.
Unknown command.
Unknown command.
Unknown command.
Unknown command.
Unknown command.
You feel much better.
You are engulfed in spectral mist.
* * * LOW HITPOINT WARNING * * *
The spectral fenstrider witch hits you!
* * * LOW HITPOINT WARNING * * *
The spectral fenstrider witch kicks you but does no damage.
The spectral death drake is lost in a daze.
The spectral fenstrider witch is lost in a daze.
The spectral death drake bites you.
* * * LOW HITPOINT WARNING * * *
You feel drained.
* * * LOW HITPOINT WARNING * * *
Unknown command.
The tremorstone explodes into fragments!
The burst of rock shards engulfs the spectral death drake.
The burst of rock shards engulfs the spectral fenstrider witch!
The burst of rock shards engulfs the spectral death drake!
You destroy the spectral death drake!
The spectral death drake fades away!
The burst of rock shards engulfs you.
* * * LOW HITPOINT WARNING * * *
The burst of rock shards engulfs the spectral death drake.
The burst of rock shards engulfs the spectral fenstrider witch!
The burst of rock shards engulfs you!
You die...

♣♣....≈...♣♣♣♣....♣♣♣
♣♣....≈..............
♣..#####........♣♣...
♣..#≈≈♣#♣♣....♣♣♣♣♣♣♣
♣≈≈#♣♣.#≈♣≈≈≈♣♣≈≈♣♣♣♣
♣≈♣#..♣#.♣♣♣♣♣§≈≈♣≈≈♣
♣♣♣#○###..♣..†...♣≈≈♣
♣≈♣○Z°○...#≈####.####
♣≈○°@°Z○....♣#..#≈≈#.
♣≈○°Z○≈≈♣♣#..#≈[#≈≈#♣
♣≈♣Z##### #≈≈#.≈#≈≈#.
♣≈☼♣#≈# #####.####.
♣≈○♣#.n #n♣..≈##≈..
♣t♣.#... ..#♣≈♣#≈...
♣Z.♣#♣♣≈. #..#≈.♣..≈≈
♣≈.♣ [)/##.#.###≈##
♣≈.. #### #..#..#.


You could see a ghoul (wandering), a ghost crab (dazed), 2 spectral death
drakes, a spectral spriggan berserker (summoned, dazed) and 2 spectral
fenstrider witches.

Vanquished Creatures
  A tentacled monstrosity (Swamp:2)
  Rupert (D:14)
  Gastronok (D:8)
  A ghoul (Swamp:3)
  2 eleionomae
  A bunyip (Swamp:2)
  2 dire elephants (Lair:6)
  A shambling mangrove (Swamp:2)
  12 hydras
  Josephine (Orc:2)
  8 boulder beetles
  3 vault guards (D:13)
  Harold (Lair:2)
  3 centaur warriors
  A catoblepas (D:15)
  2 ghost crabs (Swamp:3)
  13 two-headed ogres
  Erica (D:9)
  An ogre mage (D:15)
  7 alligators
  2 death knights
  4 tengu warriors
  A spectral dire elephant (Lair:6)
  17 death yaks
  A spectral death yak (Lair:6)
  A skeletal warrior (D:14)
  5 goliath frogs (Swamp:2)
  A spectral anaconda (Lair:6)
  2 spriggan druids
  8 bog bodies
  A swamp dragon (Swamp:1)
  An obsidian statue (Lair:6)
  5 necromancers
  2 phantasmal warriors (D:14)
  Pikel (D:5)
  A deep elf pyromancer (D:10)
  A harpy (shapeshifter) (D:15)
  2 orc sorcerers (D:15)
  6 orc knights
  6 manticores
  17 ugly things
  25 elephants
  2 will-o-the-wisps
  9 cyclopes
  6 black mambas
  7 spectral spriggans (Swamp:3)
  8 cane toads
  2 naga magi (D:15)
  5 gargoyles
  2 rime drakes
  2 centaur skeletons (D:15)
  A dire elephant skeleton (Lair:6)
  An efreet (D:14)
  An unseen horror (D:11)
  11 komodo dragons
  Psyche (D:10)
  2 kobold demonologists (D:12)
  A tengu conjurer (D:13)
  3 freezing wraiths
  A wolf spider simulacrum (D:15)
  A polar bear (Lair:6)
  6 blink frogs
  A meliai (D:10)
  Grinder (D:6)
  5 tyrant leeches
  A queen bee (shapeshifter) (D:14)
  11 trolls
  11 hornets
  Prince Ribbit (D:5)
  6 bloated husks
  5 dream sheep (Lair:6)
  11 slime creatures
  2 spectral elephants (Lair:6)
  8 spriggans
  7 wraiths
  Sigmund (D:5)
  5 wyverns
  2 shadows
  8 humans (D:13)
  A vampire (D:10)
  A dire elephant simulacrum (Lair:6)
  2 steam dragons
  37 yaks
  38 vampire mosquitoes
  4 basilisks
  2 wargs
  12 swamp worms
  2 acid dragons
  18 water moccasins
  4 ice beasts
  An elephant zombie (Lair:6)
  40 orc warriors
  8 ogres
  19 wolves
  18 centaurs
  An elephant skeleton (Lair:6)
  3 kobold brigands
  2 gnoll sergeants
  A necrophage (D:4)
  12 bullfrogs
  4 scorpions
  5 wights (D:9)
  Dowan (D:5)
  5 killer bees (D:8)
  An elephant simulacrum (Lair:6)
  16 howler monkeys
  An electric eel (Lair:4)
  5 hounds
  A jelly (D:6)
  11 orc priests
  2 gnoll shamans
  6 hell rats (Lair:5)
  An iguana (D:5)
  20 orc wizards
  14 gnolls
  An adder (shapeshifter) (D:14)
  A shadow imp (D:7)
  3 white imps (D:7)
  2 worms (Lair:3)
  A dart slug (D:1)
  84 orcs
  10 ball pythons
  2 bats
  4 endoplasms
  7 giant cockroaches
  4 goblins
  5 hobgoblins
  2 jackals (D:2)
  17 kobolds
  7 quokkas
  4 frilled lizards
  7 rats
  A butterfly (Lair:4)
812 creatures vanquished.

Vanquished Creatures (collateral kills)
  A death knight (D:15)
  A goliath frog (Swamp:2)
  A swamp worm (Swamp:2)
  Duvessa (D:5)
  A lemure (D:5)
  A necrophage (D:5)
6 creatures vanquished.

Vanquished Creatures (others)
  A hydra (Swamp:1)
  A vault guard (D:13)
  2 foxfires (Swamp:1)
  31 fungi
  58 plants
  20 withered plants (Lair:6)
113 creatures vanquished.

Grand Total: 931 creatures vanquished

Notes
Turn   | Place    | Note
-------+----------+-------------------------------------------
     0 | D:1      | tilp the Felid Ice Elementalist began the quest for the
                  | Orb.
     0 | D:1      | Reached XP level 1. HP: 7/7 MP: 4/4
   169 | D:1      | Reached skill level 1 in Fighting
   169 | D:1      | Reached XP level 2. HP: 7/12 MP: 0/6
  1332 | D:2      | Found a blossoming altar of Fedhas.
  1890 | D:2      | Reached XP level 3. HP: 15/15 MP: 4/7
  1895 | D:2      | Learned a level 3 spell: Frozen Ramparts
  2398 | D:3      | Found a faded altar of an unknown god.
  2514 | D:3      | Found an iron altar of Okawaru.
  2560 | D:3      | Reached XP level 4. HP: 10/19 MP: 4/8
  2960 | D:3      | Noticed a necrophage
  3418 | D:3      | Found a glowing golden altar of the Shining One.
  3445 | D:3      | Identified the +3 spear of Celezolo {antimagic, rElec rPois
                  | rCorr Str-5}
  3582 | D:3      | You fall into a shaft and drop 1 floor!
  3604 | D:4      | Noticed a necrophage
  3619 | D:4      | Killed a necrophage
  3620 | D:4      | Reached skill level 5 in Ice Magic
  3620 | D:4      | Reached XP level 5. HP: 22/22 MP: 10/10
  4006 | D:4      | Learned a level 3 spell: Ozocubu's Armour
  4971 | D:4      | Noticed an ice beast
  4971 | D:4      | Noticed an ogre
  5074 | D:4      | Gained mutation: You are covered in thick fur. (AC +2)
                  | [Felid growth]
  5074 | D:4      | Reached XP level 6. HP: 10/26 MP: 4/11
  5782 | D:4      | Reached skill level 1 in Unarmed Combat
  6058 | D:4      | Found a glowing silver altar of Zin.
  6089 | D:4      | Reached XP level 7. HP: 31/31 MP: 3/12
  6433 | D:5      | Entered Level 5 of the Dungeon
  6677 | D:5      | Noticed Sigmund
  6693 | D:5      | Killed Sigmund
  6694 | D:5      | Reached skill level 5 in Stealth
  6698 | D:5      | Noticed Duvessa
  6700 | D:5      | Learned a level 4 spell: Hailstorm
  6703 | D:5      | Killed Duvessa
  6704 | D:5      | Noticed Dowan
  6716 | D:5      | Killed Dowan
  6717 | D:5      | Reached XP level 8. HP: 31/36 MP: 4/14
  6805 | D:5      | Noticed Prince Ribbit
  6894 | D:5      | Killed Prince Ribbit
  6895 | D:5      | Reached skill level 1 in Conjurations
  7155 | D:5      | Noticed Pikel
  7174 | D:5      | Killed Pikel
  8440 | D:6      | Found a staircase to the Ecumenical Temple.
  8455 | D:6      | Reached XP level 9. HP: 39/39 MP: 17/17
  8477 | Temple   | Entered the Ecumenical Temple
  8686 | D:6      | Noticed Grinder
  8976 | D:6      | Reached skill level 5 in Spellcasting
  9042 | D:6      | Reached skill level 5 in Conjurations
  9453 | D:6      | Found a radiant altar of Vehumet.
  9462 | D:6      | Became a worshipper of Vehumet
  9467 | D:6      | Found a burning altar of Makhleb.
  9471 | D:6      | Found a sacrificial altar of Ru.
  9923 | D:6      | Identified the ring of Fufeetok {rElec AC+4 Str+5}
 10650 | D:7      | Found a stormy altar of Qazlal.
 10742 | D:7      | Got the Collected Works on Bewitching Envenoming
 11164 | D:7      | Noticed a cyclops
 11771 | D:8      | Reached * piety under Vehumet
 11771 | D:8      | Offered knowledge of Shock by Vehumet.
 12193 | D:8      | Reached XP level 10. HP: 38/42 MP: 3/18
 12194 | D:8      | Reached skill level 1 in Evocations
 12726 | D:8      | Noticed Gastronok
 12817 | D:8      | Found a staircase to the Lair.
 13218 | D:9      | Noticed a two-headed ogre
 13221 | D:9      | Noticed a two-headed ogre
 13691 | D:9      | Reached skill level 5 in Dodging
 14066 | D:9      | Noticed Erica
 14075 | D:9      | Killed Erica
 14083 | D:9      | Reached skill level 5 in Fighting
 14269 | D:9      | Killed a two-headed ogre
 14528 | D:9      | Found a staircase to the Orcish Mines.
 14898 | D:9      | Noticed a two-headed ogre
 14925 | D:9      | Killed a two-headed ogre
 15097 | D:9      | Killed a two-headed ogre
 15098 | D:9      | Reached XP level 11. HP: 48/48 MP: 8/19
 15189 | D:9      | Noticed a two-headed ogre
 15210 | D:9      | Killed a two-headed ogre
 15210 | D:9      | Reached ** piety under Vehumet
 15210 | D:9      | Offered knowledge of Scorch by Vehumet.
 15642 | D:10     | Entered Level 10 of the Dungeon
 16238 | D:10     | Found Liebrol's Distillery.
 16571 | D:10     | Bought a potion of attraction for 45 gold pieces
 16571 | D:10     | Bought 2 potions of berserk rage for 150 gold pieces
 16571 | D:10     | Bought a potion of curing for 45 gold pieces
 16571 | D:10     | Bought a potion of might for 60 gold pieces
 16571 | D:10     | Bought a potion of heal wounds for 75 gold pieces
 16897 | D:10     | Noticed a deep elf pyromancer
 17052 | D:10     | Noticed a two-headed ogre
 17070 | D:10     | Killed a two-headed ogre
 17189 | D:10     | Noticed Psyche
 17433 | D:10     | Noticed a boulder beetle
 17433 | D:10     | Noticed a boulder beetle
 17730 | D:6      | Killed Grinder
 18067 | D:11     | Learned a level 5 spell: Freezing Cloud
 18125 | D:10     | Killed a deep elf pyromancer
 18426 | D:11     | Noticed a death knight
 18619 | Lair:1   | Entered Level 1 of the Lair of Beasts
 18641 | Lair:1   | Offered knowledge of Dazzling Flash by Vehumet.
 18642 | Lair:1   | Reached skill level 1 in Air Magic
 19666 | Lair:1   | Gained mutation: Your thick and shaggy fur keeps you warm.
                  | (AC +3, rC+) [Felid growth]
 19666 | Lair:1   | Reached XP level 12. HP: 37/54 MP: 9/22
 20124 | Lair:2   | Reached skill level 10 in Conjurations
 20169 | Lair:2   | Reached skill level 10 in Ice Magic
 20279 | Lair:2   | Noticed a boulder beetle
 20498 | Lair:2   | Noticed Harold
 20507 | Lair:2   | Killed Harold
 20629 | Lair:2   | Reached *** piety under Vehumet
 20930 | Lair:2   | Identified the +5 spear of Stained Defence {spect, rF+
                  | Str+4}
 20936 | Lair:2   | Found a runed translucent door.
 20937 | Lair:2   | Found a shimmering altar of Xom.
 20937 | Lair:2   | Noticed Tinylith's ghost (journeyman DsIE)
 21064 | Lair:2   | Killed a boulder beetle
 21560 | Lair:3   | Found a hole to the Spider Nest.
 21560 | Lair:3   | Noticed a boulder beetle
 21678 | Lair:3   | Mangled by a boulder beetle
 21679 | Lair:3   | Reached XP level 11. HP: -11/51 MP: 21/22
 21960 | Lair:3   | Offered knowledge of Flame Wave by Vehumet.
 23121 | Lair:4   | Noticed an eight-headed hydra
 23124 | Lair:4   | Noticed a death yak
 23153 | Lair:4   | Killed an eight-headed hydra
 23154 | Lair:4   | Reached XP level 12. HP: 56/56 MP: 13/24
 23339 | Lair:4   | Noticed a death yak
 23339 | Lair:4   | Noticed a death yak
 23340 | Lair:4   | Noticed a death yak
 23342 | Lair:4   | Reached skill level 5 in Evocations
 23736 | Lair:4   | Noticed a five-headed hydra
 23756 | Lair:4   | Killed a five-headed hydra
 23871 | Lair:4   | Noticed a death yak
 23952 | Lair:4   | Reached skill level 5 in Unarmed Combat
 24017 | Lair:4   | Noticed a four-headed hydra
 24045 | Lair:4   | Killed a four-headed hydra
 24395 | Lair:4   | Noticed a five-headed hydra
 24571 | Lair:4   | Killed a death yak
 24573 | Lair:4   | You fall into a shaft and drop 2 floors!
 24573 | Lair:6   | Entered Level 6 of the Lair of Beasts
 24685 | Lair:6   | Reached **** piety under Vehumet
 25019 | Lair:6   | Offered knowledge of Stone Arrow by Vehumet.
 25248 | Lair:4   | Noticed a death yak
 25257 | Lair:4   | Noticed a death yak
 25287 | Lair:4   | Killed a death yak
 25595 | Lair:4   | Noticed a six-headed hydra
 25637 | Lair:4   | Killed a six-headed hydra
 25711 | Lair:3   | Learned a level 3 spell: Stone Arrow
 25848 | Lair:4   | Killed a death yak
 25852 | Lair:4   | Killed a death yak
 26053 | Lair:5   | Reached XP level 13. HP: 60/60 MP: 6/26
 26058 | Lair:5   | Reached skill level 10 in Stealth
 26061 | Lair:5   | Reached skill level 1 in Earth Magic
 26302 | Lair:5   | Got Istrar's Almanac of Earthen Toxins
 26597 | Lair:5   | Reached ***** piety under Vehumet
 26605 | Lair:5   | Offered knowledge of Conjure Ball Lightning by Vehumet.
 27361 | Lair:5   | Found a staircase to the Slime Pits.
 28174 | Lair:6   | Noticed a dire elephant
 28175 | Lair:6   | Noticed a dire elephant
 29423 | D:8      | Killed Gastronok
 30791 | D:11     | Identified the +3 robe of the Demon Prince {rN+ rCorr}
 31412 | Orc:1    | Entered Level 1 of the Orcish Mines
 31445 | Orc:1    | Reached XP level 14. HP: 50/65 MP: 3/27
 31834 | Orc:1    | Found Gakukken's Armour Boutique.
 31995 | Orc:2    | Entered Level 2 of the Orcish Mines
 32111 | Orc:2    | Reached skill level 10 in Fighting
 32750 | Orc:2    | Offered knowledge of Spellforged Servitor by Vehumet.
 32946 | Orc:2    | Noticed Josephine
 33031 | Orc:2    | Killed Josephine
 33726 | Orc:2    | Found a staircase to the Elven Halls.
 34291 | Orc:2    | Found Kaokk's Assorted Antiques.
 34291 | Orc:2    | Found Woimpaur's Jewellery Emporium.
 34293 | Orc:2    | Found Railussa's Book Shoppe.
 34295 | Orc:2    | Found Mesas's Magic Scroll Boutique.
 34490 | Orc:2    | Found Quroun's Gadget Gallery.
 35302 | Orc:1    | Found a burning altar of Makhleb.
 35302 | Orc:1    | Found the +8 whip "Snakebite" {venom, curare, rPois}
 35420 | Orc:2    | Bought a book of Blasting for 480 gold pieces
 35425 | Orc:2    | Learned a level 4 spell: Iskenderun's Mystic Blast
 35430 | Orc:2    | Bought a scroll of summoning for 133 gold pieces
 35430 | Orc:2    | Bought a scroll of blinking for 105 gold pieces
 35430 | Orc:2    | Bought a scroll of fear for 49 gold pieces
 35433 | Orc:2    | Bought an amulet of magic regeneration for 300 gold pieces
 35439 | Orc:2    | Bought a green potion for 32 gold pieces
 35441 | Orc:2    | Bought a scroll of fog for 28 gold pieces
 35441 | Orc:2    | Bought a scroll of identify for 28 gold pieces
 35441 | Orc:2    | Bought a scroll of identify for 28 gold pieces
 35441 | Orc:2    | Bought a scroll of teleportation for 42 gold pieces
 35441 | Orc:2    | Bought a scroll of silence for 105 gold pieces
 35559 | D:10     | Reached skill level 1 in Translocations
 35730 | D:10     | Killed Psyche
 36736 | D:12     | Offered knowledge of Ozocubu's Refrigeration by Vehumet.
 36745 | D:12     | Learned a level 7 spell: Ozocubu's Refrigeration
 37570 | D:13     | Found Domutyex's Book Shoppe.
 39049 | D:13     | Found a gate to the Vaults.
 39215 | D:14     | Reached XP level 15. HP: 12/70 MP: 11/29
 39853 | D:14     | Noticed Rupert
 39991 | D:14     | Reached skill level 10 in Spellcasting
 40731 | D:14     | Killed Rupert
 40731 | D:14     | Offered knowledge of Yara's Violent Unravelling by Vehumet.
 40972 | D:15     | Entered Level 15 of the Dungeon
 42612 | D:15     | Found a glowing silver altar of Zin.
 42694 | D:15     | Found a staircase to the Depths.
 43029 | Lair:4   | Found a staircase to the Swamp.
 43035 | Lair:4   | HP: 3/72 [swamp worm/harpoon shot (8)]
 44470 | Lair:6   | Reached XP level 16. HP: 62/76 MP: 4/32
 44762 | Swamp:1  | Entered Level 1 of the Swamp
 44886 | Swamp:1  | Mangled by an alligator
 44887 | Swamp:1  | Reached XP level 15. HP: -11/72 MP: 17/31
 45897 | Swamp:2  | Found the +0 pair of fencer's gloves {Riposte Dex+3}
 45985 | Swamp:2  | HP: 2/72 [swamp worm (16)]
 45986 | Swamp:2  | Slain by a goliath frog
 45987 | Swamp:2  | Reached XP level 14. HP: 0/69 MP: 30/30
 46595 | Swamp:2  | Reached ****** piety under Vehumet
 46794 | Swamp:2  | Offered knowledge of Starburst by Vehumet.
 46889 | Swamp:2  | Noticed a tentacled monstrosity
 46912 | Swamp:2  | Killed a tentacled monstrosity
 48338 | Swamp:3  | Reached XP level 15. HP: 73/73 MP: 20/31
 49533 | Swamp:3  | Killed themself with a badly aimed burst of rock shards

Illustrated notes

Levels and vault maps discovered:
D:1:      erik_arrival_triangle_large, layout_basic,
          corexii_item_surrounded_by_moat
D:2:      layout_basic, basic_altar, minmay_3d_cube
D:3:      layout_loops_ring, okawaru_ov_weapons_minmay,
          nicolae_tso_carved_into_rock, hellmonk_ecumenical_altar_crossroads
D:4:      layout_loops_ring, zin_scriptorium, serial_forest,
          infiniplex_forest_lined_3, infiniplex_forest_clump_small,
          infiniplex_forest_clump_tiny, infiniplex_forest_lined_ring,
          infiniplex_forest_clump_medium, infiniplex_forest_3_way,
          infiniplex_forest_clump_C, serial_park_tiny_1,
          minmay_goblin_kobold_house
D:5:      layout_gridville, uniq_prince_ribbit1, uniq_pikel, uniq_sigmund,
          uniq_duvessa
D:6:      layout_loops_corners, minmay_overflow_temple_star_quad,
          minmay_temple_entry_ruins, serial_park_tiny_1, uniq_grinder
D:7:      layout_loops_ring, nicolae_qazlal_general_emergency,
          kennysheep_cross_room, nrook_loot_triangle
D:8:      minmay_bubble_buster, layout_basic, lair_entry_dummy, uniq_gastronok
D:9:      layout_loops_ring, david_orc_3, uniq_erica
D:10:     layout_irregular_city, serial_shops, nicolae_shop_statue_plus,
          chequers_garden, minmay_shattered_shrine, uniq_psyche
D:11:     layout_long_grid, st_stairs_13
D:12:     layout_basic
D:13:     layout_grid_maze, ximxim_vaults_locker_room, nicolae_stop_n_shop_2
D:14:     layout_cave_pools, minmay_misc_feat_nine_boxes, minmay_door_square,
          kennysheep_decorative_pillar, uniq_rupert
D:15:     grunt_enter_depths_magical_seal, layout_rooms, lemuel_doored_altar
Temple:   regret_index_temple_waves
Lair:1:   layout_cave_pods, serial_bayou_pond_e, lemuel_fruit_fields
Lair:2:   layout_misc_corridors, ebering_ghost_xom, uniq_harold
Lair:3:   layout_regular_city, nicolae_spider_entry_non_spiders,
          chequers_serial_rivers_micro_a, grunt_megastairs_1
Lair:4:   layout_hall_layers, palyth_hydra_swamp_entry, serial_bayou_shore_a,
          grunt_megastairs_3, lemuel_fruit_fields
Lair:5:   layout_regular_city, dpeg_slime_entry_corner,
          grunt_forest_small_clearings, nzn_sisyphean_effort
Lair:6:   due_jungle_book, layout_loops_ring
Swamp:1:  layout_basic_swamp, evilmike_swamp_ruin_rubble_2,
          infiniplex_staircase_pool
Swamp:2:  cheibrodos_swamp_monstrosity, layout_basic_swamp, serial_swamp_ruin,
          evilmike_swamp_ruin_house_2, evilmike_swamp_ruin_rubble_1,
          nicolae_swamp_catching_bugs
Swamp:3:  nicolae_swamp_flooded_prison, layout_basic_swamp,
          evilmike_swamp_ruin_house_5, swamp_pool5, nicolae_swamp_snake_nest
Orc:1:    layout_caves, serial_shops, nicolae_shop_crystal, bloody_makhleb
Orc:2:    st_orc_rangers, layout_caves, nicolae_shop_gadgets, uniq_josephine

Skill      XL: |  1  2  3  4  5  6  7  8  9 10 11 12 13 14 15 |
---------------+----------------------------------------------+-----
Fighting       | 1 2 3 4 6 7 9 10 12 | 12.8
Ice Magic      | 4 5 6 7 8 9 10 11 12 14 | 14.8
Spellcasting   | 3 4 5 6 8 9 11 | 11.0
Dodging        | 3 4 6 8 |  8.0
Stealth        | 3 6 8 9 10 11 | 11.4
Unarmed Combat | 1 2 4 5 6 |  6.0
Conjurations   | 4 8 9 10 11 14 13 | 14.2
Evocations     | 4 6 7 8 9 |  9.0
Air Magic      | 1 4 |  4.0
Earth Magic    | 3 4 |  4.0
Translocations | 4 |  4.0

Action                   |  1- 3 |  4- 6 |  7- 9 | 10-12 | 13-15 | 16-18 || total
-------------------------+-------+-------+-------+-------+-------+-------++-------
Melee: Unarmed           |    15 |    54 |    41 |   122 |    85 |       ||   317
       Bite              |     1 |     8 |     7 |    17 |    16 |       ||    49
       Punch             |       |       |     1 |     5 |     9 |       ||    15
 Cast: Freeze            |    30 |    21 |    54 |   123 |    26 |       ||   254
       Frozen Ramparts   |     7 |    21 |    33 |    68 |    19 |       ||   148
       Ozocubu's Armour  |       |     3 |    26 |    48 |    53 |       ||   130
       Hailstorm         |       |       |    28 |   157 |    50 |     3 ||   238
       Freezing Cloud    |       |       |       |    19 |   241 |     1 ||   261
       Stone Arrow       |       |       |       |     5 |   481 |    15 ||   501
       Iskenderun's Myst |       |       |       |       |    63 |       ||    63
       Ozocubu's Refrige |       |       |       |       |     5 |     2 ||     7
Evoke: Wand              |       |       |     5 |     7 |     2 |       ||    14
       Condenser vane    |       |       |       |     2 |     2 |       ||     4
       Phantom mirror    |       |       |       |       |     3 |       ||     3
  Use: Scroll            |     4 |     2 |     9 |     8 |    12 |       ||    35
       Potion            |       |     1 |       |     3 |     7 |       ||    11
 Stab: Sleeping          |     7 |     3 |     2 |    11 |    24 |       ||    47
Armor: Skin              |       |    11 |    17 |    41 |    46 |     1 ||   116
Dodge: Dodged            |    23 |    50 |    69 |   208 |   312 |     5 ||   667

Table legend: (Time is in decaauts)
 A = Elapsed time spent in this place.
 B = Non-inter-level travel time spent in this place.
 C = Inter-level travel time spent in this place.
 D = Time resting spent in this place.
 E = Time spent auto-exploring this place.
 F = Levels seen in this place.
 G = Mean time per level.
                   A        B        C        D        E       F      G
               +--------+--------+--------+--------+--------+-----+--------+
         Total |  45523 |  43069 |   2454 |  15813 |  21124 |  27 | 1686.0 |
       Dungeon |  25422 |  23822 |   1600 |   7233 |  13396 |  15 | 1694.8 |
        Temple |    185 |    163 |     22 |      0 |    152 |   1 |  185.0 |
          Lair |  11592 |  11053 |    539 |   4196 |   5224 |   6 | 1932.0 |
         Swamp |   4604 |   4441 |    163 |   2613 |   1110 |   3 | 1534.7 |
  Orcish Mines |   3718 |   3590 |    128 |   1770 |   1241 |   2 | 1859.0 |
               +--------+--------+--------+--------+--------+-----+--------+

Top non-repeatable levels by time:
  Lair:4: 3039 daAuts
  Lair:6: 2712 daAuts
   Orc:2: 2568 daAuts
    D:10: 2451 daAuts
     D:9: 2172 daAuts
     D:8: 2056 daAuts
     D:3: 1963 daAuts
    D:13: 1891 daAuts
 Swamp:3: 1868 daAuts
     D:5: 1855 daAuts
  Lair:3: 1819 daAuts
     D:6: 1795 daAuts
     D:4: 1754 daAuts
 Swamp:2: 1625 daAuts
    D:11: 1542 daAuts
